 Dungeon Crawl Stone Soup version 0.30-a0-1053-gbd8d5ba0ad (webtiles) character file.

Game seed: 15146750648458111830

2642137 gohu the Axe Maniac (level 27, 181/211 (245) HPs)
             Began as a Hill Orc Fighter on Apr 10, 2023.
             Was a High Priest of Okawaru.
             Escaped with the Orb
             ... and 4 runes on Apr 11, 2023!
             The game lasted 03:26:22 (57872 turns).

gohu the Axe Maniac (Hill Orc Fighter)             Turns: 57872, Time: 03:26:22

HP:   181/211 (245) AC: 52    Str: 40      XL:     27
MP:   34/35         EV: 10    Int:  6 (10) God:    Okawaru [*****.]
Gold: 7555          SH: 29    Dex:  6 (11) Spells: 26/26 levels left

rFire   + + +      SeeInvis +    o - +8 mithril axe "Arga" {speed, Will+}
rCold   + . .      Faith    .    g - +2 tower shield {AC+3}
rNeg    + . .      Spirit   .    M - +8 crystal plate armour
rPois   +          Reflect  +    G - -2 hat of the Alchemist {rElec rPois rF+ rC+ rN+ Will+ rMut rCorr}
rElec   +          Rampage  +    V - +1 cloak of the Arcane {Rampage Will++ Regen+ Str-5 Stlth+}
rCorr   +                        W - +5 pair of gloves of the Shoals {Dex-5 Slay+2 SInv}
rMut    +                        O - +0 pair of boots "Zeoffal" {+Blink rF++ Stlth-}
Will    +++++                    B - amulet "Oreull" {Reflect Str+2 SH+5} Stlth
                                 K - ring of Qubeom {rElec rPois Str+7 Int-2 SInv}
HPRegen 1.35/turn                S - ring of Noip {rElec rCorr Str+3 Int+4 Dex+6}
MPRegen 0.24/turn

@: studying 3 skills, heavily drained
A: frail 1, MP-powered wands
0: Orb of Zot
}: 4/15 runes: decaying, slimy, silver, gossamer
a: Renounce Religion, Evoke Blink, Heroism, Finesse, Duel


You escaped.
You worshipped Okawaru.
Okawaru was extremely pleased with you.
You visited 14 branches of the dungeon, and saw 58 of its levels.
You also visited: Trove, Bailey, Gauntlet, Ice Cave, Wizlab and Desolation.

You collected 8688 gold pieces.
You spent 1133 gold pieces at shops.

Inventory:

Hand Weapons
 o - the +8 mithril axe "Arga" (weapon) {speed, Will+}
   (You found it on level 5 of the Vaults)

   Will:      It increases your willpower.
Missiles
 I - 7 silver javelins
 X - 14 javelins (quivered)
 Y - 2 throwing nets
Armour
 g - a +2 tower shield of protection (worn)
 m - the +0 pair of boots of Fyew Sad {rN+++ Will++ Dex-4}
   (You acquired it on level 4 of the Realm of Zot)

   Dex:       It affects your dexterity (-4).
   rN:        It renders you almost immune to negative energy.
   Will:      It greatly increases your willpower.
 G - the -2 hat of the Alchemist (worn) {rElec rPois rF+ rC+ rN+ Will+ rMut rCorr}
   (You found it in a wizard's laboratory)

   rF:        It protects you from fire.
   rC:        It protects you from cold.
   rElec:     It insulates you from electricity.
   rPois:     It protects you from poison.
   rN:        It protects you from negative energy.
   rCorr:     It protects you from acid and corrosion.
   rMut:      It protects you from mutation.
   Will:      It increases your willpower.
 M - a +8 crystal plate armour (worn)
 O - the +0 pair of boots "Zeoffal" (worn) {+Blink rF++ Stlth-}
   (You found it on level 3 of the Realm of Zot)

   rF:        It greatly protects you from fire.
   +Blink:    It lets you blink.
   Stlth:     It makes you less stealthy.
 T - a +2 pair of boots of flying
 V - the +1 cloak of the Arcane (worn) {Rampage Will++ Regen+ Str-5 Stlth+}
   (You found it in a Gauntlet)

   Str:       It affects your strength (-5).
   Regen:     It increases your rate of health regeneration.
   Rampage:   It bestows one free step when moving towards enemies.
   Will:      It greatly increases your willpower.
   Stlth:     It makes you more stealthy.
 W - the +5 pair of gloves of the Shoals (worn) {Dex-5 Slay+2 SInv}
   (You found it in the Desolation of Salt)

   Dex:       It affects your dexterity (-5).
   Slay:      It affects your accuracy & damage with ranged weapons and melee
   (+2).
   SInv:      It lets you see invisible.
Jewellery
 h - the ring of Jokehuja {+Blink rC+ Will- Str+7}
   (You found it on level 3 of the Elven Halls)

   [ring of protection from cold]

   Str:       It affects your strength (+7).
   rC:        It protects you from cold.
   +Blink:    It lets you blink.
   Will:      It decreases your willpower.
 i - a +4 ring of slaying
 k - the ring of Moderation {Contam rN+ Will+ Int+6}
   (You found it in the Desolation of Salt)

   [ring of intelligence]

   Int:       It affects your intelligence (+6).
   rN:        It protects you from negative energy.
   Contam:    It causes magical contamination when unequipped.
   Will:      It increases your willpower.
 s - an amulet of reflection
 v - the ring of Biogeher {EV+5 Dex+2}
   (You found it on level 5 of the Pits of Slime)

   [ring of evasion]

   EV:        It affects your evasion (+5).
   Dex:       It affects your dexterity (+2).
 B - the amulet "Oreull" (around neck) {Reflect Str+2 SH+5}
   (You found it on level 5 of the Pits of Slime)

   [amulet of reflection]

   It reflects blocked missile attacks.
   Str:       It affects your strength (+2).
   SH:        It affects your SH (+5).
 H - an amulet of faith
 J - the ring of Lust {rElec rC+ rN+ rCorr Str+3}
   (You found it in the Desolation of Salt)

   [ring of resist corrosion]

   Str:       It affects your strength (+3).
   rC:        It protects you from cold.
   rElec:     It insulates you from electricity.
   rN:        It protects you from negative energy.
   rCorr:     It protects you from acid and corrosion.
 K - the ring of Qubeom (left hand) {rElec rPois Str+7 Int-2 SInv}
   (You bought it in a shop on level 3 of the Dungeon)

   [ring of poison resistance]

   Str:       It affects your strength (+7).
   Int:       It affects your intelligence (-2).
   rElec:     It insulates you from electricity.
   rPois:     It protects you from poison.
   SInv:      It lets you see invisible.
 R - a +6 ring of dexterity
 S - the ring of Noip (right hand) {rElec rCorr Str+3 Int+4 Dex+6}
   (You found it in a Gauntlet)

   [ring of dexterity]

   Str:       It affects your strength (+3).
   Int:       It affects your intelligence (+4).
   Dex:       It affects your dexterity (+6).
   rElec:     It insulates you from electricity.
   rCorr:     It protects you from acid and corrosion.
 Z - the ring "Temeus" {rF+ Str+6}
   (You found it in the Desolation of Salt)

   [ring of strength]

   Str:       It affects your strength (+6).
   rF:        It protects you from fire.
Wands
 b - a wand of quicksilver (20)
 q - a wand of polymorph (5)
 C - a wand of iceblast (58)
 F - a wand of digging (22)
 L - a wand of mindburst (19)
 N - a wand of paralysis (42)
Scrolls
 f - 24 scrolls of teleportation
 j - 8 scrolls of blinking
 p - 18 scrolls of poison
 x - 6 scrolls of magic mapping
 y - 6 scrolls of fog
 A - 10 scrolls of fear
 Q - a scroll of enchant weapon
Potions
 a - 4 potions of might
 l - 3 potions of cancellation
 n - 28 potions of curing
 r - 4 potions of brilliance
 t - 11 potions of lignification
 u - 24 potions of mutation
 w - 7 potions of invisibility
 z - 15 potions of haste
 D - 5 potions of resistance
 E - 13 potions of heal wounds
 P - 2 potions of flight
 U - 5 potions of magic
Miscellaneous
 c - a piece from Xom's chessboard (15/15)
 d - a condenser vane
 e - a phial of floods


   Skills:
 O Level 27 Fighting
 O Level 27 Axes
 - Level 3.1 Throwing
 * Level 26.4 Armour
 * Level 8.5 Dodging
 + Level 25.7 Shields
 + Level 17.8 Invocations
 * Level 16.4 Evocations


You had 26 spell levels left.
You didn't know any spells.
Your spell library contained the following spells:

 Spells                   Type           Power      Damage    Failure   Level
 Beastly Appendage        Tmut           0%         N/A       91%         1
 Foxfire                  Conj/Fire      0%         2x1d4     91%         1
 Freeze                   Ice            0%         1d3       91%         1
 Kiss of Death            Conj/Necr      0%         2d5       91%         1
 Magic Dart               Conj           0%         1d3       91%         1
 Sandblast                Erth           0%         2d4       91%         1
 Shock                    Conj/Air       0%         1d3       91%         1
 Blink                    Tloc           0%         N/A       97%         2
 Cigotuvi's Dreadful Rot  Necr/Pois/Air  0%         N/A       97%         2
 Passwall                 Tmut/Erth      0%         N/A       97%         2
 Searing Ray              Conj           0%         2d4       97%         2
 Static Discharge         Conj/Air       0%         2-2/arc   97%         2
 Wereblood                Tmut           0%         N/A       97%         2
 Confusing Touch          Hex            0%         N/A       99%         3
 Dazzling Flash           Conj/Hex       0%         N/A       99%         3
 Frozen Ramparts          Ice            0%         1d1       99%         3
 Hailstorm                Conj/Ice       0%         3d3       99%         3
 Ignite Poison            Fire/Tmut/Pois 0%         N/A       99%         3
 Inner Flame              Hex/Fire       0%         N/A       99%         3
 Mephitic Cloud           Conj/Pois/Air  0%         N/A       99%         3
 Ozocubu's Armour         Ice            0%         N/A       99%         3
 Portal Projectile        Hex/Tloc       0%         N/A       99%         3
 Spider Form              Tmut/Pois      0%         N/A       99%         3
 Stone Arrow              Conj/Erth      0%         3d7       99%         3
 Swiftness                Air            0%         N/A       99%         3
 Volatile Blastmotes      Fire/Tloc      0%         2d10      99%         3
 Airstrike                Air            0%         2d(0-16)  100%        4
 Anguish                  Hex/Necr       0%         N/A       100%        4
 Dispel Undead            Necr           0%         3d6       100%        4
 Flame Wave               Conj/Fire      0%         2d4       100%        4
 Fulminant Prism          Conj/Hex       0%         3d5       100%        4
 Leda's Liquefaction      Hex/Erth       0%         N/A       100%        4
 Manifold Assault         Tloc           0%         N/A       100%        4
 Sticky Flame             Conj/Fire      0%         2d3       100%        4
 Agony                    Necr           0%         N/A       100%        5
 Alistair's Intoxication  Tmut/Pois      0%         N/A       100%        5
 Blade Hands              Tmut           0%         N/A       100%        5
 Borgnjor's Vile Clutch   Necr/Erth      0%         N/A       100%        5
 Fireball                 Conj/Fire      0%         3d3       100%        5
 Freezing Cloud           Conj/Ice/Air   0%         6-21      100%        5
 Irradiate                Conj/Tmut      0%         3d11      100%        5
 Lee's Rapid Deconstruct  Erth           0%         3d4*      100%        5
 Metabolic Englaciation   Hex/Ice        0%         N/A       100%        5
 Silence                  Hex/Air        0%         N/A       100%        5
 Yara's Violent Unravell  Hex/Tmut       0%         3d3       100%        5
 Conjure Ball Lightning   Conj/Air       0%         3x3d6     100%        6
 Dispersal                Tloc           0%         N/A       100%        6
 Eringya's Noxious Bog    Tmut/Pois      0%         N/A       100%        6
 Iron Shot                Conj/Erth      0%         9d1       100%        6
 Plasma Beam              Fire/Air       0%         2x1d11    100%        6
 Starburst                Conj/Fire      0%         6d3       100%        6
 Statue Form              Tmut/Erth      0%         N/A       100%        6
 Dragon Form              Tmut           0%         N/A       100%        7
 Enfeeble                 Hex            0%         N/A       100%        7
 Storm Form               Tmut/Air       0%         N/A       100%        7
 Discord                  Hex            0%         N/A       100%        8
 Disjunction              Tloc           0%         N/A       100%        8
 Ignition                 Fire           0%         3d3       100%        8
 Lehudib's Crystal Spear  Conj/Erth      0%         10d2      100%        8
 Necromutation            Tmut/Necr      0%         N/A       100%        8
 Chain Lightning          Conj/Air       0%         N/A       100%        9
 Death's Door             Necr           0%         N/A       100%        9
 Fire Storm               Conj/Fire      0%         5d1       100%        9
 Shatter                  Erth           0%         3d5*      100%        9
 Call Imp                 Summ           Unusable   N/A       N/A         2
 Call Canine Familiar     Summ           Unusable   N/A       N/A         3
 Animate Armour           Summ/Erth      Unusable   N/A       N/A         4
 Summon Lightning Spire   Summ/Air       Unusable   N/A       N/A         4
 Death Channel            Necr           Unusable   N/A       N/A         6
 Simulacrum               Ice/Necr       Unusable   N/A       N/A         6
 Spellforged Servitor     Conj/Summ      Unusable   N/A       N/A         7

Dungeon Overview and Level Annotations

Branches:
Dungeon (15/15)            Temple (1/1) D:7            Lair (5/5) D:8
  Swamp (4/4) Lair:3       Spider (4/4) Lair:3        Slime (5/5) Lair:5
    Orc (2/2) D:11            Elf (3/3) Orc:2        Vaults (5/5) D:13
  Crypt (1/3) Vaults:2     Depths (4/4) D:15           Hell (visited)
    Dis (0/7) Hell            Geh (3/7) Hell            Coc (0/7) Hell
    Tar (0/7) Hell            Zot (5/5) Depths:4     Bailey (visited)
  IceCv (visited)          WizLab (visited)         Desolation (visited)
Gauntlet (visited)

Altars:
Ashenzari
Dithmenos
Hepliaklqana
Kikubaaqudgha
Makhleb
Okawaru
Qazlal
Ru
Trog
Wu Jian
Xom
Yredelemnul
The Shining One
Jiyva

Shops:
D:1 [:   D:3 =   D:9 =:=   D:10 !   Orc:2 *!*!(   Elf:1 [   Elf:3 [
Vaults:2 =

Portals:
Hell: Depths:1 Depths:2 Depths:3 Depths:4
Abyss: Depths:1 Depths:3 Depths:4
Pandemonium: Depths:2 Depths:3
Ziggurat: Depths:2

Annotations:
D:15 1 runed translucent door, Crownlay's ghost, journeyman GrEE
Lair:3 2 transporters
Swamp:3 2 runed translucent doors, Zugidasm's ghost, adept MeFi
Elf:2 3 runed translucent doors


Innate Abilities, Weirdness & Mutations

You are frail. (-10% HP)
You expend magic power (3 MP) to strengthen your wands.


Message History

Where to? (Enter - D:1, ? - help)
A red devil is nearby!
Unknown command.
There is a stone staircase leading up here.
You climb upwards.
There is a stone staircase leading down here.
(D) Dungeon (T) Temple (L) Lair (S) Swamp (N) Spider Nest (M) Slime Pits (O) Orcish Mines (E) Elven Halls (V) Vaults (C) Crypt (U) Depths (H) Hell (I) Dis (G) Gehenna (X) Cocytus (Y) Tartarus (Z) Zot
Where to? (Enter - D:1, ? - help)
There is a stone staircase leading up here.
You climb upwards.
There is a stone staircase leading down here.
Unknown command.
Aiming: Dig
Press: ? - help, Shift-Dir - straight line A rock wall.
This square is covered in magical glow.
You feel a surge of power!
The rock shatters into small pieces.
A blizzard demon comes into view.
You rampage towards the blizzard demon!
A demonspawn blood saint comes into view.
It is wielding a +0 dagger.
You slice the blizzard demon!!
The blizzard demon is moderately wounded.
You chop the blizzard demon into pieces!!!
The blizzard demon is almost dead.
You slice the blizzard demon!!
You kill the blizzard demon!
Okawaru accepts your kill.
You block the demonspawn blood saint's attack.
The demonspawn blood saint attacks as you move away!
You block the demonspawn blood saint's attack.
The demonspawn blood saint conjures a destructive force in the name of Makhleb!
The mass of ice explodes!
The iceblast engulfs you!! You partially resist.
The fireball explodes!
The fireball engulfs you. You resist.
There is a staircase leading out of the dungeon here.
You can't go down here!
You have escaped!

#.....##..##.###.#####....# #
#....#...###.....#...#....# #
#...##..####.#####.#.##...# #
#(.'##.#.##..#.....#..#'..# #
#..#.#....#.##.######..#..# #
#.##.####....#.##...#####.# #
#.##....#.#.+#'##.#.#...#.# #
#.###.#.#.##6..##.#.#.#.#.# #
####.'.#.#.#..'.@.'..#.#.#.'.# #
..##.#.#.#.#.##...####.#.###.# #
..##.#...#.#.##'#'## #...# #.# #
...#.#####...##.#..#########.# #
##.#..#..######.##........#..# #
#.#..'#..#.....#..####.##+..# ##
#.#...##.#.#####.#####.##...# #.
#.#....#...#.[...###...#....# #.
#.#....#####.###.##..###....###.


You could see a demonspawn blood saint.

Vanquished Creatures
  the Royal Jelly (Slime:5)
  5 dread liches
  6 ancient liches
  3 orbs of fire (Zot:5)
  Mara (Vaults:2)
  6 Killer Klowns
  Xtahua (Vaults:2)
  2 curse toes (Zot:4)
  A caustic shrike (Zot:4)
  Bai Suzhen (Vaults:2)
  Geryon (Hell)
  10 golden dragons
  A mutant beast (WizLab)
  A bone dragon (Depths:4)
  A Brimstone Fiend (Hell)
  2 electric golems (Zot:5)
  20 tentacled monstrosities
  A walking crystal tome (Depths:3)
  25 Orb Guardians (Zot:5)
  Jorgrun (D:15)
  A walking earthen tome (Depths:3)
  7 quicksilver dragons
  3 deep elf blademasters (Elf:3)
  5 titans
  A walking divine tome (Depths:3)
  3 liches
  2 deep elf master archers (Elf:3)
  A walking frostbound tome (Depths:2)
  An Executioner (Depths:1)
  6 sphinxes
  13 acid blobs
  A sphinx (shapeshifter) (Vaults:5)
  An ancient champion (Crypt:1)
  16 death cobs
  A kraken (Swamp:2)
  2 thorn hunters
  9 shadow dragons
  9 rockslimes
  Roxanne (Elf:3)
  5 draconian monks
  8 storm dragons
  5 tengu reavers
  10 azure jellies
  2 draconian knights
  A fenstrider witch (Swamp:1)
  Donald (Vaults:2)
  3 fire giants (Depths:3)
  7 emperor scorpions
  A ghost moth (shapeshifter) (Vaults:5)
  Louise (Elf:3)
  2 balrugs
  7 frost giants
  7 deep elf sorcerers
  4 iron dragons
  2 imperial myrmidons (Desolation)
  5 deep elf elementalists (Elf:3)
  8 vault wardens
  An angel (D:8)
  8 ghost moths
  5 spriggan defenders
  A draconian stormcaller (Depths:4)
  3 orc warlords
  4 draconian scorchers
  5 draconian shifters
  A cacodemon (Hell)
  7 stone giants
  10 war gargoyles
  A broodmother (Spider:4)
  9 reapers
  2 ghouls (Crypt:1)
  20 ironbound preservers
  4 ironbound thunderhulks
  6 green draconians
  A broodmother (shapeshifter) (Depths:4)
  11 draconian annihilators
  33 very ugly things
  8 quicksilver oozes
  A caustic shrike skeleton (Depths:1)
  A vampire knight (Depths:2)
  7 grey draconians (Zot:2)
  A minotaur (Gauntlet)
  8 black draconians
  17 purple draconians
  4 bunyips
  12 deep elf demonologists
  4 eleionomae
  7 deep elf annihilators (Elf:3)
  5 white draconians
  2 halazid warlocks (Desolation)
  2 spectral titans (Depths:1)
  7 yellow draconians
  13 red draconians
  3 spark wasps
  25 dire elephants
  6 crystal guardians
  5 deep elf death magi
  4 green deaths
  A blizzard demon (D:1)
  5 ettins
  6 entropy weavers
  16 great orbs of eyes
  7 jiangshi (Crypt:1)
  7 deep elf high priests
  5 ragged hierophants (Desolation)
  9 fire dragons
  A spriggan zombie (Depths:1)
  14 yaktaur captains
  9 servants of whispers (Desolation)
  11 ironbound frosthearts
  A spectral shadow dragon (Depths:1)
  6 ice dragons
  13 peacekeepers
  5 ghost crabs
  2 catoblepae
  32 vault guards
  2 hell beasts
  2 spectral frost giants (Depths:1)
  4 ogre magi
  A spriggan air mage (Depths:2)
  12 two-headed ogres
  2 death knights
  Erolcha (Orc:2)
  3 salamander tyrants (Geh:1)
  7 boulder beetles
  A spectral stone giant (Depths:1)
  11 hydras
  Erica (D:8)
  7 death yaks (IceCv)
  9 dancing weapons
  2 radroaches
  2 anacondas (Depths:2)
  15 centaur warriors
  13 hell hogs
  A spark wasp (shapeshifter) (Vaults:4)
  2 spectral fire giants (Depths:1)
  A two-headed ogre (shapeshifter) (WizLab)
  A spriggan skeleton (Depths:1)
  5 alligators
  A deep troll shaman (Depths:3)
  8 orc high priests
  3 deep troll earth magi
  A titan zombie (Depths:1)
  5 spriggan berserkers
  A death scarab (Spider:2)
  3 tengu warriors
  11 deep elf knights
  7 sun demons
  6 soul eaters
  A spectral storm dragon (Depths:1)
  10 vampire magi
  2 thrashing horrors (Gauntlet)
  Sonja (Lair:5)
  An iron troll (shapeshifter) (Vaults:5)
  2 skysharks (shapeshifter) (WizLab)
  22 hell knights
  11 skeletal warriors
  A skyshark (Lair:5)
  A golden dragon zombie (Depths:1)
  2 sixfirhies (Hell)
  4 iron trolls
  4 pharaoh ants
  3 goliath frogs
  3 glowing orange brains
  3 sun moths
  A death drake (shapeshifter) (D:15)
  5 orb spiders
  A glowing orange brain (shapeshifter) (Orc:1)
  8 bog bodies
  46 deep trolls
  A tengu zombie (Depths:1)
  A swamp dragon (shapeshifter) (Vaults:4)
  8 swamp dragons
  2 anaconda zombies (Hell)
  A harpy (shapeshifter) (Vaults:5)
  11 deep elf archers
  10 necromancers
  12 ironbound convokers
  4 spriggan druids
  2 flayed ghosts
  9 lindwurms
  Pikel (D:5)
  An anaconda skeleton (Hell)
  2 shadow dragon zombies (Depths:1)
  8 wizards
  7 phantasmal warriors
  23 deep elf pyromancers
  2 steelbarb worms
  3 orc sorcerers
  23 deep elf zephyrmancers
  26 wolf spiders
  A harpy (Depths:2)
  5 will-o-the-wisps (Swamp:3)
  2 cyclopes (shapeshifter)
  37 ugly things
  16 orc knights
  2 spectral spriggans (Depths:1)
  A moth of wrath (shapeshifter) (WizLab)
  3 shining eyes
  An eleionoma zombie (Crypt:1)
  A tengu skeleton (Depths:1)
  2 cyclopes
  A salamander (Depths:3)
  2 fauns (shapeshifter)
  A salamander (shapeshifter) (WizLab)
  2 manticores
  A sphinx skeleton (Vaults:4)
  5 elephants (Zot:4)
  24 moths of wrath
  3 black mambas (shapeshifter)
  A guardian serpent (Desolation)
  8 smoke demons
  A naga zombie (Hell)
  5 apocalypse crabs (Swamp:2)
  2 gargoyles
  An eye of devastation (Slime:3)
  4 torpor snails
  5 black mambas
  9 rust devils
  An ice statue (IceCv)
  20 vault sentinels
  A frost giant skeleton (Vaults:4)
  7 cane toads
  A centaur skeleton (Hell)
  Psyche (D:8)
  9 demonic crawlers
  2 cane toads (shapeshifter)
  A kobold demonologist (D:13)
  2 hellions (Geh:1)
  20 yaktaurs
  An unseen horror (shapeshifter) (WizLab)
  2 unseen horrors
  3 yaktaurs (shapeshifter)
  3 orange demons
  3 tormentors
  2 rime drakes (shapeshifter)
  2 rime drakes
  4 sea snake zombies
  A komodo dragon (shapeshifter) (Vaults:5)
  5 tengu conjurers
  9 komodo dragons
  5 freezing wraiths
  7 ice devils (Hell)
  A harpy zombie (Crypt:1)
  A sea snake skeleton (Hell)
  20 polar bears
  A troll (shapeshifter) (WizLab)
  A tengu simulacrum (Depths:1)
  20 hornets
  A meliai (shapeshifter) (WizLab)
  A meliai (Spider:2)
  A mana viper skeleton (Crypt:1)
  2 tarantellas (shapeshifter) (WizLab)
  52 saltlings (Desolation)
  18 tarantellas
  6 trolls
  A polar bear (shapeshifter) (D:13)
  An ettin zombie (Vaults:1)
  2 raiju (shapeshifter) (WizLab)
  13 tyrant leeches
  A wind drake (shapeshifter) (WizLab)
  A hydra skeleton (Hell)
  A blink frog (shapeshifter) (WizLab)
  A fire dragon zombie (Crypt:1)
  31 blink frogs
  A snapping turtle (shapeshifter) (D:13)
  A dream sheep (Elf:1)
  2 alligator zombies
  A frost giant simulacrum (Depths:1)
  A stone giant simulacrum (Crypt:1)
  2 centaur simulacra (D:15)
  A slime creature (shapeshifter) (Swamp:4)
  A dream sheep (shapeshifter) (Vaults:1)
  27 jumping spiders
  76 slime creatures
  24 spriggans
  A jumping spider (shapeshifter) (WizLab)
  2 air elementals (Elf:1)
  25 culicivoras
  A culicivora (shapeshifter) (WizLab)
  5 shadows
  5 wraiths
  2 ynoxinuls (D:11)
  An ettin skeleton (Vaults:1)
  4 water elementals
  86 yaks
  A vampire (D:5)
  A yak (shapeshifter) (WizLab)
  A dire elephant simulacrum (Hell)
  5 basilisks
  A fire bat (D:10)
  A basilisk (shapeshifter) (WizLab)
  7 wyverns
  6 fire elementals
  7 humans
  6 unseen horror simulacra (D:9)
  A neqoxec (D:14)
  Eustachio (D:4)
  Grum (D:8)
  4 golden eyes (Slime:4)
  8 vampire mosquitoes
  3 steam dragons
  An iron golem (WizLab)
  A sea snake simulacrum (Hell)
  2 redbacks (shapeshifter)
  37 redbacks
  21 swamp worms
  8 large abominations
  An ogre zombie (Vaults:1)
  A swamp worm (shapeshifter) (WizLab)
  2 glowing shapeshifter zombies
  A human zombie (Vaults:4)
  A warg (shapeshifter) (Elf:1)
  8 wargs
  7 hell hounds
  A hydra simulacrum (Hell)
  11 water moccasins
  A naga skeleton (Crypt:1)
  4 floating eyes (WizLab)
  A floating eye (shapeshifter) (Depths:3)
  A swamp drake (Swamp:1)
  A glowing shapeshifter skeleton (Vaults:1)
  4 ice beasts
  34 orc warriors
  6 black bears
  2 sky beasts
  2 black bears (shapeshifter) (WizLab)
  A cane toad skeleton (Crypt:1)
  8 ogres
  55 wolves
  4 boggarts (Lair:5)
  13 centaurs
  2 phantoms
  2 kobold brigands
  8 small abominations
  A necrophage (Crypt:1)
  10 bullfrogs
  A glowing shapeshifter simulacrum (Depths:1)
  2 earth elementals
  6 scorpions
  A yaktaur skeleton (Crypt:1)
  4 wights (D:7)
  A polar bear zombie (Crypt:1)
  8 howler monkeys
  4 electric eels
  A wyvern simulacrum (D:9)
  4 hounds
  A human simulacrum (Vaults:4)
  4 quasits (D:11)
  14 jellies
  25 orc priests
  2 gnoll boudas (D:5)
  Natasha (thrice) (D:2)
  12 human skeletons (Vaults:2)
  An iguana (D:5)
  18 orc wizards
  5 hell rats (Hell)
  11 adders
  23 gnolls
  3 shadow imps
  6 white imps
  7 ufetubi
  3 worms
  4 dart slugs
  84 orcs
  5 endoplasms
  5 giant cockroaches
  11 goblins
  6 hobgoblins
  29 kobolds
  2 quokkas
  12 ball pythons
  2 bats (D:1)
  4 frilled lizards
  A kobold zombie (Crypt:1)
  2 rats
  8 briar patches (Swamp:4)
  4 bushes (Depths:1)
  A creeping inferno (Geh:1)
  2 fire vortices
  4 tentacles (Swamp:2)
2493 creatures vanquished.

Vanquished Creatures (others)
  A draconian knight (Zot:3)
  A fire giant (Geh:1)
  A draconian stormcaller (Zot:5)
  An ironbound preserver (Vaults:5)
  A sun demon (Depths:3)
  A spriggan druid (Swamp:2)
  A deep elf zephyrmancer (Elf:2)
  A tengu conjurer (Depths:3)
  A bloated husk (Swamp:2)
  A hornet (shapeshifter) (WizLab)
  A yak (IceCv)
  A hell hound (Hell)
  A howler monkey (D:8)
  A goblin (D:8)
  A bush (Depths:1)
  50 demonic plants
  14 foxfires (Swamp:3)
  26 fungi
  46 plants
  4 tentacles (Swamp:2)
155 creatures vanquished.

Grand Total: 2648 creatures vanquished

Notes
Turn   | Place    | Note
-------+----------+-------------------------------------------
     0 | D:1      | gohu the Hill Orc Fighter began the quest for the Orb.
     0 | D:1      | Reached XP level 1. HP: 19/19 MP: 1/1
   153 | D:1      | Found Kuts's Book Shop.
   156 | D:1      | Found Barurail's Armour Boutique.
   407 | D:1      | Reached XP level 2. HP: 27/27 MP: 2/2
   858 | D:1      | Found a faded altar of an unknown god.
  1426 | D:2      | Reached XP level 3. HP: 24/34 MP: 3/3
  1634 | D:2      | Noticed Natasha
  1647 | D:2      | Killed Natasha
  1648 | D:2      | Reached XP level 4. HP: 20/41 MP: 4/4
  1700 | D:2      | Noticed Natasha
  1707 | D:2      | Killed Natasha
  1827 | D:2      | Reached skill level 5 in Fighting
  1827 | D:2      | Reached XP level 5. HP: 36/48 MP: 5/5
  1833 | D:2      | Noticed Natasha
  1840 | D:2      | Killed Natasha
  1841 | D:2      | Reached skill level 5 in Axes
  2001 | D:3      | Found Miur's One-of-a-Kind Rings.
  2034 | D:3      | Identified the ring of Taghiur {rC+ Int-3 SInv Stlth+}
  2731 | D:4      | Found a shadowy altar of Dithmenos.
  2929 | D:3      | Found a basalt altar of Yredelemnul.
  3143 | D:4      | Reached XP level 6. HP: 56/56 MP: 6/6
  3210 | D:4      | Noticed Eustachio
  3375 | D:5      | Entered Level 5 of the Dungeon
  3481 | D:5      | Noticed Pikel
  3486 | D:5      | Reached XP level 7. HP: 62/62 MP: 7/7
  3489 | D:5      | Killed Pikel
  3490 | D:5      | Reached skill level 5 in Armour
  3490 | D:5      | Reached XP level 8. HP: 69/71 MP: 8/8
  4053 | D:5      | Reached skill level 10 in Axes
  4570 | D:4      | Killed Eustachio
  4812 | D:4      | Found an iron altar of Okawaru.
  4824 | D:4      | Became a worshipper of Warmaster Okawaru
  5248 | D:5      | Reached XP level 9. HP: 79/79 MP: 9/9
  5740 | D:5      | Reached * piety under Okawaru
  5959 | D:5      | Reached skill level 1 in Throwing
  7000 | D:8      | Reached ** piety under Okawaru
  7034 | D:8      | Noticed Erica
  7065 | D:8      | Killed Erica
  7066 | D:8      | Reached XP level 10. HP: 29/90 MP: 8/10
  7089 | D:8      | Noticed Grum
  7121 | D:8      | Killed Grum
  7196 | D:8      | Noticed Psyche
  7212 | D:8      | Killed Psyche
  7213 | D:8      | Reached skill level 15 in Axes
  7224 | D:8      | Found a flagged portal.
  7233 | Bailey   | Entered a bailey
  7304 | Bailey   | Noticed an orc warlord
  7447 | Bailey   | Found a runed translucent gate.
  7448 | Bailey   | Found a runed translucent gate.
  7449 | Bailey   | Found a runed translucent gate.
  7843 | Bailey   | Killed an orc warlord
  7844 | Bailey   | Reached skill level 1 in Invocations
  7869 | Bailey   | Identified the +5 plate armour of Instinct {Will+ Str+3}
  7884 | Bailey   | Reached XP level 11. HP: 94/102 MP: 11/15
  7995 | D:7      | Found a staircase to the Ecumenical Temple.
  8022 | D:7      | Reached *** piety under Okawaru
  8097 | Temple   | Entered the Ecumenical Temple
  8156 | D:7      | Found an ornate altar of the Wu Jian Council.
  8494 | D:9      | Found a bloodstained altar of Trog.
  8538 | D:9      | Found Enuag's Jewellery Emporium.
  8545 | D:9      | Reached **** piety under Okawaru
  8554 | D:9      | Reached XP level 12. HP: 97/111 MP: 16/16
  8717 | D:9      | Found a broken altar of Ashenzari.
  8740 | D:9      | Found a stormy altar of Qazlal.
  8743 | D:10     | Entered Level 10 of the Dungeon
  8884 | D:9      | Found Suros's Jewellery Shoppe.
  9088 | D:9      | Found Poank's Book Boutique.
  9182 | D:9      | Reached ***** piety under Okawaru
  9526 | D:10     | Noticed a two-headed ogre
  9563 | D:10     | Found a burning altar of Makhleb.
  9592 | D:10     | Found a hazy altar of Hepliaklqana.
  9698 | D:10     | Received a gift from Okawaru
  9809 | D:11     | Noticed a two-headed ogre
  9816 | D:11     | Killed a two-headed ogre
 10008 | D:11     | Found a staircase to the Orcish Mines.
 10028 | D:11     | Found a gate leading to a gauntlet.
 10033 | Gauntlet | Entered a Gauntlet
 10033 | Gauntlet | Found a transporter.
 10033 | Gauntlet | Found a transporter.
 10034 | Gauntlet | Found a transporter.
 10034 | Gauntlet | Found a transporter.
 10037 | Gauntlet | Found a transporter.
 10039 | Gauntlet | Found a large runed translucent door.
 10039 | Gauntlet | Noticed a thrashing horror
 10040 | Gauntlet | Found a large runed translucent door.
 10041 | Gauntlet | Found a large runed translucent door.
 10041 | Gauntlet | Found a large runed translucent door.
 10041 | Gauntlet | Found a runed translucent door.
 10041 | Gauntlet | Found a runed translucent door.
 10042 | Gauntlet | Found a large runed translucent door.
 10042 | Gauntlet | Found a large runed translucent door.
 10042 | Gauntlet | Found a large runed translucent door.
 10042 | Gauntlet | Found a large runed translucent door.
 10043 | Gauntlet | Found a large runed translucent door.
 10043 | Gauntlet | Found a large runed translucent door.
 10043 | Gauntlet | Found a large runed translucent door.
 10044 | Gauntlet | Found a large runed translucent door.
 10044 | Gauntlet | Found a large runed translucent door.
 10044 | Gauntlet | Found a large runed translucent door.
 10044 | Gauntlet | Found a large runed translucent door.
 10044 | Gauntlet | Found a large runed translucent door.
 10049 | Gauntlet | Found a runed translucent gate.
 10049 | Gauntlet | Found a runed translucent gate.
 10049 | Gauntlet | Found a runed translucent gate.
 10053 | Gauntlet | Found a transporter.
 10055 | Gauntlet | Found a transporter.
 10064 | Gauntlet | Found a transporter.
 10078 | Gauntlet | Found a transporter.
 10095 | Gauntlet | Found a transporter.
 10103 | Gauntlet | Found a transporter.
 10121 | Gauntlet | Found a transporter.
 10151 | Gauntlet | Noticed a thrashing horror
 10268 | Gauntlet | Killed a thrashing horror
 10272 | Gauntlet | Killed a thrashing horror
 10276 | Gauntlet | Identified the ring of Noip {rElec rCorr Str+3 Int+4 Dex+6}
 10311 | Gauntlet | Identified the +1 cloak of the Arcane {Rampage Will++
                  | Regen+ Str-5 Stlth+}
 10348 | Gauntlet | Noticed a minotaur
 10355 | Gauntlet | Killed a minotaur
 10359 | Gauntlet | Identified the +0 chain mail of Oblivion {Dex+4}
 10359 | Gauntlet | Identified the staff of poison "Yfaisuojo" {rPois rF- Str+2
                  | Dex+7 SInv}
 10393 | D:10     | Killed a two-headed ogre
 10401 | D:10     | Reached XP level 13. HP: 125/125 MP: 18/18
 10458 | D:10     | Found a sacrificial altar of Ru.
 10545 | D:10     | Reached skill level 15 in Fighting
 10573 | D:10     | Reached skill level 5 in Shields
 10659 | D:10     | Found Meghel's Distillery.
 10667 | D:10     | Bought a potion of heal wounds for 60 gold pieces
 10667 | D:10     | Bought a potion of degeneration for 12 gold pieces
 10667 | D:10     | Bought a potion of curing for 36 gold pieces
 10667 | D:10     | Bought a potion of mutation for 96 gold pieces
 11258 | D:11     | Noticed Urug
 11268 | D:11     | Urug changed into Urug the shapeshifter
 11332 | D:11     | Received a gift from Okawaru
 11371 | D:11     | Identified the ring "Qumpeu Ysen" {rF+ MP+9}
 11376 | D:11     | Found Xaoskoz's Antique Weapon Emporium.
 11561 | D:12     | Received a gift from Okawaru
 11723 | D:12     | Identified the +7 battleaxe of Tanaschi {flame, rC+ rN+
                  | Int+2 Dex+3} (Okawaru gifted it to you on level 12 of the
                  | Dungeon)
 11723 | D:12     | Received a gift from Okawaru
 11856 | D:12     | Reached skill level 10 in Armour
 12695 | D:13     | Noticed a vault guard
 12709 | D:13     | Reached XP level 14. HP: 106/138 MP: 12/20
 13005 | D:13     | Received a gift from Okawaru
 13163 | D:13     | Found a gate to the Vaults.
 13373 | D:8      | Found a staircase to the Lair.
 13466 | D:8      | Found an ancient bone altar of Kikubaaqudgha.
 13819 | Lair:1   | Entered Level 1 of the Lair of Beasts
 14244 | Lair:2   | Received a gift from Okawaru
 14541 | Lair:2   | Found a frozen archway.
 14550 | IceCv    | Entered an ice cave
 14900 | IceCv    | Reached XP level 15. HP: 119/150 MP: 21/21
 14945 | IceCv    | Noticed a frost giant
 14961 | IceCv    | Received a gift from Okawaru
 14974 | IceCv    | Killed a frost giant
 15076 | IceCv    | Reached XP level 16. HP: 160/160 MP: 22/22
 15135 | IceCv    | Reached skill level 10 in Shields
 15422 | Lair:3   | Found a staircase to the Swamp.
 15499 | Lair:3   | Found a transporter.
 15932 | Lair:3   | Found a transporter.
 16370 | Lair:3   | Found a hole to the Spider Nest.
 16902 | Lair:5   | Entered Level 5 of the Lair of Beasts
 17628 | Lair:5   | Found a staircase to the Slime Pits.
 17702 | Lair:5   | Noticed Sonja
 17708 | Lair:5   | Killed Sonja
 17943 | Lair:5   | Got the Teachings on the Viperous Morgue
 18758 | Orc:1    | Entered Level 1 of the Orcish Mines
 18814 | Orc:2    | Entered Level 2 of the Orcish Mines
 18818 | Orc:2    | Found Huikary's General Store.
 18824 | Orc:2    | Noticed Erolcha
 18832 | Orc:2    | Killed Erolcha
 18980 | Orc:2    | Reached XP level 17. HP: 104/170 MP: 21/24
 19147 | Orc:1    | You are sucked into a shaft and drop 1 floor!
 19147 | Orc:2    | Found a staircase to the Elven Halls.
 19434 | Orc:2    | Found Nylusk's Distillery.
 19437 | Orc:2    | Found Widwomah's Distillery.
 19438 | Orc:2    | Found Adulaib's Weapon Shoppe.
 19439 | Orc:2    | Found Cauwuxt's Assorted Antiques.
 19443 | Orc:2    | Bought a potion of curing for 39 gold pieces
 19443 | Orc:2    | Bought a potion of heal wounds for 65 gold pieces
 19443 | Orc:2    | Bought a potion of heal wounds for 65 gold pieces
 19446 | Orc:2    | Bought a potion of heal wounds for 55 gold pieces
 19446 | Orc:2    | Bought a potion of heal wounds for 55 gold pieces
 19446 | Orc:2    | Bought a potion of curing for 33 gold pieces
 19446 | Orc:2    | Bought a potion of curing for 33 gold pieces
 19449 | Orc:2    | Reached skill level 10 in Invocations
 19449 | Orc:2    | Reached XP level 18. HP: 178/178 MP: 25/25
 19546 | Orc:1    | Received a gift from Okawaru
 20121 | D:14     | Reached skill level 1 in Dodging
 20160 | D:14     | Received a gift from Okawaru
 20202 | D:14     | Found a glowing golden altar of the Shining One.
 20223 | D:15     | Entered Level 15 of the Dungeon
 20683 | D:15     | Noticed Jorgrun
 20704 | D:15     | Killed Jorgrun
 20776 | D:15     | Found a runed translucent door.
 20776 | D:15     | Noticed Crownlay's ghost (journeyman GrEE)
 20991 | D:15     | Found a staircase to the Depths.
 21314 | D:15     | Got Cerebov's Compilation of Burning Destruction
 21779 | D:3      | Bought the ring of Qubeom {rElec rPois Str+7 Int-2 SInv}
                  | for 584 gold pieces
 21908 | Swamp:1  | Entered Level 1 of the Swamp
 21981 | Swamp:1  | Identified a scroll of acquirement
 21985 | Swamp:1  | Acquired a manual of Evocations
 22137 | Swamp:2  | Identified the +6 hand axe "Hinit" {venom, Int-5 Dex+5}
                  | (Okawaru gifted it to you on level 2 of the Swamp)
 22137 | Swamp:2  | Received a gift from Okawaru
 22812 | Swamp:3  | Noticed a tentacled monstrosity
 22824 | Swamp:3  | Killed a tentacled monstrosity
 22825 | Swamp:3  | Reached skill level 5 in Evocations
 22927 | Swamp:2  | Found a runed translucent door.
 23452 | Swamp:2  | Identified the +0 pair of boots of Duty {Str+2} (Okawaru
                  | gifted it to you on level 2 of the Swamp)
 23452 | Swamp:2  | Received a gift from Okawaru
 23570 | Swamp:4  | Entered Level 4 of the Swamp
 23785 | Swamp:3  | Found a large runed translucent door.
 23785 | Swamp:3  | Found a large runed translucent door.
 23787 | Swamp:3  | Noticed Zugidasm's ghost (adept MeFi)
 23916 | Swamp:3  | Noticed Aizul
 23929 | Swamp:3  | Aizul changed into Aizul the shapeshifter
 24139 | Swamp:4  | Reached XP level 19. HP: 189/189 MP: 27/27
 24877 | Swamp:4  | Noticed a tentacled monstrosity
 24895 | Swamp:4  | Killed a tentacled monstrosity
 25026 | Swamp:4  | Got a decaying rune of Zot
 25065 | Swamp:4  | Identified the +2 pair of boots of the Elven Halls {Fly rC+
                  | Stlth+}
 25228 | Spider:1 | Entered Level 1 of the Spider Nest
 26989 | Spider:4 | Entered Level 4 of the Spider Nest
 27093 | Spider:3 | Reached skill level 10 in Evocations
 27151 | Spider:4 | Received a gift from Okawaru
 27322 | Spider:3 | Reached skill level 15 in Armour
 27327 | Spider:3 | Reached XP level 20. HP: 163/200 MP: 22/28
 27763 | Spider:4 | Reached skill level 15 in Shields
 28667 | Spider:4 | Got a gossamer rune of Zot
 28967 | Vaults:1 | Entered Level 1 of the Vaults
 29207 | Vaults:1 | Found a magical portal.
 29216 | WizLab   | Entered Cigotuvi's Fleshworks
 29483 | WizLab   | HP: 10/202 [constriction (25)]
 29790 | WizLab   | Paralysed by a hornet for 2 turns
 29835 | WizLab   | Paralysed by a floating eye for 4 turns
 29841 | WizLab   | Paralysed by a floating eye for 2 turns
 29846 | WizLab   | Received a gift from Okawaru
 30001 | WizLab   | Found the -2 hat of the Alchemist {rElec rPois rF+ rC+ rN+
                  | Will+ rMut rCorr}
 30158 | Vaults:1 | Identified the +3 executioner's axe "Geik" {heavy, rF+ rC+}
                  | (Okawaru gifted it to you on level 1 of the Vaults)
 30158 | Vaults:1 | Received a gift from Okawaru
 30404 | Vaults:1 | Reached XP level 21. HP: 122/211 MP: 29/29
 30741 | Vaults:1 | Reached ****** piety under Okawaru
 30745 | Vaults:1 | Received a gift from Okawaru
 31389 | Vaults:2 | Noticed Xtahua
 31411 | Vaults:2 | Killed Xtahua
 31520 | Vaults:2 | Found Dungene's Jewellery Emporium.
 31573 | Vaults:2 | Noticed Donald
 31584 | Vaults:2 | Killed Donald
 32136 | Vaults:2 | Found a staircase to the Crypt.
 32142 | Vaults:2 | Identified the +0 robe of Grot {Rampage} (Okawaru gifted it
                  | to you on level 2 of the Vaults)
 32142 | Vaults:2 | Received a gift from Okawaru
 32268 | Vaults:2 | Noticed Mara
 32278 | Vaults:2 | Killed Mara
 32368 | Vaults:2 | Noticed Bai Suzhen
 32384 | Vaults:2 | Killed Bai Suzhen
 32825 | Vaults:3 | Found a transporter.
 32862 | Vaults:3 | Found a transporter.
 32880 | Vaults:3 | Noticed an ancient lich
 32898 | Vaults:3 | Killed an ancient lich
 32951 | Vaults:3 | Identified the ring of Peace {Ice Str+3}
 32960 | Vaults:3 | Identified the ring "Giam" {rPois AC+4}
 33056 | Vaults:3 | Identified the +1 battleaxe of Classification {drain, rF+}
 33322 | Vaults:3 | Reached XP level 22. HP: 223/223 MP: 31/31
 33624 | Vaults:4 | Received a gift from Okawaru
 33738 | Vaults:4 | Found a crumbling gateway.
 33746 | Desolati | Entered the Desolation of Salt
 33848 | Desolati | Identified the ring of Lust {rElec rC+ rN+ rCorr Str+3}
 33851 | Desolati | Got the Omnibus of Stormy Hypothermia
 33853 | Desolati | Got the Precepts of the Shapeshifter and Wanderlust
 34104 | Desolati | Identified the +5 pair of gloves of the Shoals {Dex-5
                  | Slay+2 SInv}
 34105 | Desolati | Identified the amulet of Uthut {Spirit Will+ rCorr}
 34108 | Desolati | Identified the staff of death "Vadisoduh" {rElec rPois rN+
                  | Will+ Dex+3}
 34111 | Desolati | Identified the staff of earth "Uruto" {Int+2 Dex+3}
 34244 | Desolati | Received a gift from Okawaru
 34301 | Desolati | Identified the ring of Moderation {Contam rN+ Will+ Int+6}
 34302 | Desolati | Identified the ring "Torur" {rPois rN+ Will- rCorr Dex+6}
 34303 | Desolati | Identified the ring "Temeus" {rF+ Str+6}
 35054 | Vaults:4 | Received a gift from Okawaru
 35876 | Elf:1    | Entered Level 1 of the Elven Halls
 35969 | Elf:1    | Found Xaurghooz's Armour Emporium.
 36099 | Elf:1    | Reached XP level 23. HP: 227/234 MP: 33/33
 36127 | Elf:1    | Paralysed by an air elemental for 1 turns
 36130 | Elf:1    | Paralysed by an air elemental for 1 turns
 36142 | Elf:1    | Received a gift from Okawaru
 37113 | Elf:2    | Identified the amulet of Qasilleg {RegenMP Int+2}
 37247 | Elf:2    | Received a gift from Okawaru
 37268 | Elf:2    | Found a runed translucent gate.
 37268 | Elf:2    | Found a runed translucent gate.
 37268 | Elf:2    | Found a runed translucent gate.
 37432 | Elf:3    | Entered Level 3 of the Elven Halls
 37455 | Elf:3    | Noticed Louise
 37489 | Elf:3    | Killed Louise
 37536 | Elf:3    | Found a portal to a secret trove of treasure.
 37709 | Elf:3    | Noticed Roxanne
 37735 | Elf:3    | Killed Roxanne
 37895 | Elf:3    | Found Adasocie's Armour Shoppe.
 38035 | Elf:3    | Identified the ring of Campaes {Fly rPois}
 38278 | Elf:3    | Identified the staff of death "Eheepunke" {Drain rC+ rN+
                  | Str+3}
 38601 | Elf:3    | Reached skill level 15 in Invocations
 38692 | Elf:3    | Identified the staff of fire "Wuimyt" {rF+ Int+3 SInv}
 38718 | Elf:3    | Identified the staff of fire "Valuebb" {*Corrode rF+
                  | Will++}
 38728 | Elf:3    | Identified the ring of Jokehuja {+Blink rC+ Will- Str+7}
 39055 | Elf:3    | Received a gift from Okawaru
 39464 | Depths:1 | Entered Level 1 of the Depths
 39498 | Depths:1 | Found a one-way gate to the infinite horrors of the Abyss.
 39704 | Depths:1 | Found a shimmering altar of Xom.
 39721 | Depths:1 | Found a shimmering altar of Xom.
 39729 | Depths:1 | Found a shimmering altar of Xom.
 39980 | Depths:1 | Found a gateway to Hell.
 40002 | Depths:1 | Identified the +2 leather armour of Ocwen {rN+}
 40125 | Depths:1 | Found an ancient bone altar of Kikubaaqudgha.
 40135 | Depths:1 | Identified the +9 plate armour "Catotoxo" {Harm Int+2}
                  | (Okawaru gifted it to you on level 1 of the Depths)
 40135 | Depths:1 | Received a gift from Okawaru
 40271 | Depths:1 | Identified the staff of fire "Mucousun" {*Slow rPois rF+
                  | rCorr Str+3}
 40302 | Depths:1 | Reached XP level 24. HP: 223/234 MP: 34/34
 40411 | Depths:1 | You are sucked into a shaft and drop 1 floor!
 40471 | Depths:2 | Reached skill level 27 in Axes
 40903 | Depths:2 | Identified the amulet of the Ban {Spirit rElec}
 40982 | Depths:2 | Found a one-way gateway to a ziggurat.
 41230 | Depths:1 | Identified the staff of death "Zail" {*Slow rElec rF+ rN+
                  | rCorr}
 41503 | Depths:3 | Received a gift from Okawaru
 41696 | Depths:3 | Received a gift from Okawaru
 42103 | Depths:2 | Found a one-way gate leading to the halls of Pandemonium.
 43154 | Depths:3 | Identified the +1 robe "Ibujiho" {Int-2 Dex+4}
 43340 | Depths:3 | Identified the +9 war axe of Koacw {antimagic, rC+ rN+
                  | Stlth-} (Okawaru gifted it to you on level 3 of the Depths)
 43340 | Depths:3 | Received a gift from Okawaru
 43431 | Depths:4 | Entered Level 4 of the Depths
 43777 | Depths:4 | Reached skill level 27 in Fighting
 43837 | Depths:3 | Noticed an ancient lich
 43906 | Depths:3 | Identified the ring "Ylisal" {*Corrode rElec rPois rF+
                  | Will+ Str+2}
 44032 | Depths:3 | Killed an ancient lich
 44400 | Depths:4 | Reached XP level 25. HP: 257/257 MP: 34/34
 44409 | Depths:4 | Received a gift from Okawaru
 44427 | Depths:4 | Found a gate to the Realm of Zot.
 45326 | Vaults:5 | Entered Level 5 of the Vaults
 45329 | Vaults:5 | Noticed a dread lich
 45344 | Vaults:5 | Killed a dread lich
 45351 | Vaults:5 | Received a gift from Okawaru
 45385 | Vaults:5 | Received a gift from Okawaru
 45443 | Vaults:5 | Identified the +11 flail of Lusarch {heavy, Dex+3}
 45529 | Vaults:5 | Received a gift from Okawaru
 46369 | Vaults:5 | Got a silver rune of Zot
 46412 | Vaults:5 | Identified the +3 flail "Killer Klown's Bane" {drain,
                  | Str+4}
 46510 | Vaults:5 | Noticed an ancient lich
 46514 | Vaults:5 | Killed an ancient lich
 46514 | Vaults:5 | Received a gift from Okawaru
 46591 | Vaults:5 | Received a gift from Okawaru
 46596 | Vaults:5 | Identified the +5 scimitar of Wytausm {flame, rN++ Str-5
                  | Dex+3}
 46618 | Vaults:5 | Identified the +7 great mace "Feotzixt" {freeze, rPois MP+9
                  | Str-3 Int+3}
 46618 | Vaults:5 | Identified the +8 chain mail of Leapfrog {Harm *Slow rC+++
                  | rCorr}
 46626 | Vaults:5 | Reached XP level 26. HP: 206/266 MP: 35/35
 46697 | Vaults:5 | Identified the staff of poison "Yhievi Kusye" {*Corrode
                  | rPois rN+ Int+5}
 46706 | Vaults:5 | Identified the +2 shortbow of Plunder {drain, rPois rN++
                  | Str+4}
 46874 | Vaults:5 | Found the +8 mithril axe "Arga" {speed, Will+}
 46877 | Vaults:5 | Identified the +10 mace of Woat {flame, Str+4 Int+2}
 46890 | Vaults:5 | Identified the staff of fire "Omuhav" {rF+ rCorr}
 46905 | Vaults:5 | Identified the ring "Geregesh" {Fly rPois rC+ Str+2 Int-3}
 46909 | Vaults:5 | Identified the +7 dire flail of Bile {holy, *Noise Will+++
                  | Dex-4 Stlth+}
 46944 | Vaults:5 | Identified the staff of death "Itoazof" {Fly rPois rN+
                  | Int+5 Dex-5}
 47416 | Elf:3    | You paid a toll of a +6 demon trident to enter a treasure
                  | trove
 47417 | Trove    | Entered a treasure trove
 47956 | Crypt:1  | Entered Level 1 of the Crypt
 47987 | Crypt:1  | Found an ancient bone altar of Kikubaaqudgha.
 49000 | Slime:1  | Entered Level 1 of the Pits of Slime
 49012 | Slime:2  | Identified the +1 robe of Subjectivity {*Slow Fly Will-
                  | Int+8} (Okawaru gifted it to you on level 2 of the Pits of
                  | Slime)
 49012 | Slime:2  | Received a gift from Okawaru
 49050 | Slime:3  | Gained mutation: You expend magic power (3 MP) to
                  | strengthen your wands. [a shining eye]
 49142 | Slime:5  | Entered Level 5 of the Pits of Slime
 49246 | Slime:5  | Found a viscous altar of Jiyva.
 49332 | Slime:5  | Gained mutation: You are frail. (-10% HP) [a shining eye]
 49334 | Slime:5  | Noticed the Royal Jelly
 49464 | Slime:5  | Killed the Royal Jelly
 49729 | Slime:5  | Identified the ring of Biogeher {EV+5 Dex+2}
 49731 | Slime:5  | Identified the amulet "Oreull" {Reflect Str+2 SH+5}
 49773 | Slime:5  | Identified the +1 mace of Honour {speed, rElec rF+ Will+
                  | SInv}
 49801 | Slime:5  | Identified the ring "Etorphof" {Fire rElec}
 49808 | Slime:5  | Got a slimy rune of Zot
 49810 | Slime:5  | Got Caxzes's Catalogue of the Frigid Fair Folk
 49830 | Slime:5  | Upgraded the game from 0.30-a0-1050-g2766ea1e55 to
                  | 0.30-a0-1053-gbd8d5ba0ad
 50211 | Zot:1    | Entered Level 1 of the Realm of Zot
 51898 | Zot:2    | Reached skill level 5 in Dodging
 52047 | Zot:2    | Received a gift from Okawaru
 52389 | Zot:2    | Reached XP level 27. HP: 231/245 MP: 35/35
 52809 | Zot:3    | Identified the +7 plate armour of Otyeblin {rC+ MP+9}
                  | (Okawaru gifted it to you on level 3 of the Realm of Zot)
 52809 | Zot:3    | Received a gift from Okawaru
 52940 | Zot:3    | Identified the +0 pair of boots "Zeoffal" {+Blink rF++
                  | Stlth-}
 53936 | Zot:4    | Acquired the +0 pair of boots of Fyew Sad {rN+++ Will++
                  | Dex-4}
 54429 | Zot:5    | Entered Level 5 of the Realm of Zot
 54910 | Zot:5    | Received a gift from Okawaru
 54917 | Zot:5    | Noticed an orb of fire
 54929 | Zot:5    | Killed an orb of fire
 55133 | Zot:5    | Received a gift from Okawaru
 55303 | Zot:5    | Identified the +1 falchion of the Spider Nest {venom, rF+
                  | Int+7} (Okawaru gifted it to you on level 5 of the Realm of
                  | Zot)
 55303 | Zot:5    | Received a gift from Okawaru
 55333 | Zot:5    | Noticed an ancient lich
 55359 | Zot:5    | Killed an ancient lich
 55466 | Zot:5    | Noticed a dread lich
 55499 | Zot:5    | Noticed a dread lich
 55506 | Zot:5    | Killed a dread lich
 55519 | Zot:5    | Noticed an orb of fire
 55538 | Zot:5    | Killed an orb of fire
 55551 | Zot:5    | Killed a dread lich
 55702 | Zot:5    | Noticed an orb of fire
 55737 | Zot:5    | Killed an orb of fire
 55738 | Zot:5    | Reached skill level 15 in Evocations
 55745 | Zot:5    | Noticed a dread lich
 55755 | Zot:5    | Received a gift from Okawaru
 55760 | Zot:5    | Noticed an ancient lich
 55769 | Zot:5    | Killed a dread lich
 55775 | Zot:5    | Killed an ancient lich
 55782 | Zot:5    | Noticed a dread lich
 55792 | Zot:5    | Killed a dread lich
 56002 | Zot:5    | Noticed an ancient lich
 56014 | Zot:5    | Killed an ancient lich
 56149 | Zot:5    | Received a gift from Okawaru
 56264 | Hell     | Entered the Vestibule of Hell
 56264 | Hell     | Noticed Geryon
 56293 | Hell     | Killed Geryon
 56577 | Hell     | Found a gateway to the freezing wastes of Cocytus.
 56683 | Hell     | Found a gateway to the decaying netherworld of Tartarus.
 56752 | Hell     | Found a gateway to the ashen valley of Gehenna.
 56810 | Hell     | Found a gateway to the Iron City of Dis.
 56918 | Geh:1    | Entered Level 1 of Gehenna
 56926 | Geh:1    | Received a gift from Okawaru
 57376 | Zot:5    | Got the Orb of Zot
 57872 | D:$      | Escaped with the Orb!

Illustrated notes

Levels and vault maps discovered:
D:1:      nicolae_arrival_somewhat_less_tricky_arrival, layout_basic,
          hellmonk_ecumenical_altar_inner_sanctum, serial_shops, shop, shop
D:2:      layout_loops_cross, minivault_4, uniq_natasha
D:3:      layout_rooms, lemuel_tele_altar, minmay_misc_feat_tiny,
          nicolae_shop_unique_rings, minmay_between
D:4:      layout_loops_corners, nicolae_dithmenos_through_a_glass_darkly,
          overflow_temple_1_default, uniq_eustachio
D:5:      cheibrodos_fzero, layout_basic, uniq_pikel
D:6:      layout_loops_ring, grunt_ministairs_12
D:7:      layout_gridville, mainiacjoe_overflow_cross_hatched, temple_fountains,
          chequers_arboretum
D:8:      layout_basic, nicolae_kikubaaqudgha_miasma_corner,
          erik_lair_orcish_takeover, enter_bailey_3, uniq_erica, uniq_psyche,
          uniq_grum
D:9:      layout_rooms, nicolae_ashenzari_skybound,
          nicolae_qazlal_style_of_elements, old_standard_altar, serial_ice,
          serial_ice_h, serial_ice_o, serial_ice_i, serial_ice_a, serial_ice_d,
          serial_ice_b, serial_shops, nicolae_lakefront_shop,
          nicolae_shop_trees, nicolae_shop_trees, reono_crystal_passage,
          hangedman_decor_lopped
D:10:     minmay_firetagon, layout_cave_pods, kennysheep_mini_moat,
          mainiacjoe_overflow_small_starburst, mainiacjoe_overflow_chevrons,
          serial_shops, shop_fountains, statue_in_the_mist_lemuel,
          hangedman_abyss_or_decor_passed
D:11:     layout_loops_ring, orc_0_dummy, serial_demonic, serial_demonic_f,
          serial_demonic_e, serial_demonic_e, serial_demonic_d,
          serial_demonic_b, serial_demonic_f, serial_demonic_e,
          serial_demonic_d, serial_shops, nicolae_shop_hallway_stairs,
          gauntlet_entry_generic, uniq_urug
D:12:     layout_roguey
D:13:     layout_cave_pools, grunt_vaults_entry_fortified,
          chequers_serial_rivers_micro_e
D:14:     layout_basic, tso_altar, kennysheep_generic_room_10
D:15:     hangedman_depths_entry_try_elsewhere_first, layout_long_grid,
          hangedman_abyss_or_decor_lesser_grid, ebering_ghost_inner_flame,
          uniq_jorgrun
Temple:   jpeg_temple_clearing
Lair:1:   layout_chaotic_city, grunt_megastairs_4, infiniplex_staircase_pool
Lair:2:   layout_gridlike, portal_ice_cave_entry_pillars_1,
          cheibrodos_lair_lostbears, grunt_megastairs_5
Lair:3:   gammafunk_worm_tunnel, layout_chaotic_city, skrybe_swamp_entry_bodies,
          spider_nest_entry_rubble
Lair:4:   layout_gridlike, chequers_serial_rivers_micro_c
Lair:5:   minmay_lair_end_enchanted_forest, layout_misc_corridors,
          minmay_slime_entry_jelly_boxes, uniq_sonja
Swamp:1:  layout_falls_marsh, nicolae_swamp_round_clearing
Swamp:2:  gammafunk_mikee_crab_dinner, layout_basic_swamp, serial_swamp_ruin,
          evilmike_swamp_ruin_house_3, evilmike_swamp_ruin_house_5, swamp_pool4,
          nicolae_swamp_thats_no_hydra
Swamp:3:  layout_falls_marsh, ebering_ghost_disaster_area,
          evilmike_swamp_ruin_house_4, swamp_pool4, uniq_aizul
Swamp:4:  swamp_vile, layout_basic_swamp, swamp_pool2
Spider:1: layout_spider_delve, nicolae_spider_webs_and_nodes
Spider:2: nicolae_spider_hall_of_the_moth_king
Spider:3: layout_cave_pods
Spider:4: spider_rune_water, drop_trap, hangedman_spider_tarantella_strand
Slime:1:  nicolae_slime_jelly_donut, layout_caves, nicolae_slime_barrier
Slime:2:  layout_caves
Slime:3:  layout_caves
Slime:4:  layout_caves
Slime:5
Orc:1:    layout_diamond_mine
Orc:2:    st_orc_pillars, layout_diamond_mine, serial_shops, shop, uniq_erolcha
Elf:1:    nicolae_elf_arrival_no_cutting_in_line, layout_loops_corners,
          serial_shops, nicolae_shop_stone, kennysheep_underground_church
Elf:2:    elven_hall_of_blades_hangedman_original [nooodl_blade_entry_preview],
          layout_geoelf_diagonals, uniq_agnes
Elf:3:    minmay_elf_hall_hex, layout_gridlike, enter_trove_0, serial_shops,
          shop_fountains, hex_medium, uniq_louise, uniq_roxanne
Vaults:1: mu_enter_wizlab_4, nicolae_vaults_ring_of_whatevers, v_misc_25,
          hangedman_vaults_nodes, v_misc_25, v_misc_32, hangedman_vaults_hat,
          nicolae_vaults_big_ls, grunt_vaults_swirl, v_rooms_5, v_misc_14,
          vaults_dpeg_ring, layout_vaults_maze_snakey
Vaults:2: vaults_mumra_minichess, vaults_dpeg_doors, dpeg_vaults_monster_row,
          v_misc_11, vaults_room_large_hall, nicolae_vaults_asterisk,
          grunt_vaults_funnel, layout_vaults_omnigrid, dummy_crypt_entry,
          serial_shops, nicolae_shop_hallway_stairs, uniq_donald, uniq_mara,
          uniq_xtahua, uniq_bai_suzhen
Vaults:3: v_misc_17, vaults_room_pools, v_misc_26, ontoclasm_vaults_ring_small,
          nicolae_vaults_little_squares_3, gammafunk_its_a_trap, v_misc_1,
          vaults_room_ringed_pool, nicolae_vaults_little_squares_2,
          nicolae_vaults_windows_and_doors_thing, vaults_room_grid,
          nicolae_vaults_diagonal_hallway_7, vaults_dpeg_spiral,
          vaults_room_corners, layout_vaults_omnibox
Vaults:4: portal_desolation_entry_garden, nicolae_vaults_murderbox,
          vaults_mumra_hex, ontoclasm_vaults_ring_small,
          ontoclasm_vaults_gateway, v_misc_15, v_pattern_3,
          nicolae_vaults_stairing_the_circle, vaults_dpeg_hooks, v_misc_12,
          vaults_room_door_hall, v_misc_24, vaults_room_semicircle,
          hangedman_vaults_cutoff, vaults_dpeg_encased_lava, layout_vaults_ring
Vaults:5
Crypt:1:  layout_rooms, basic_altar, lemuel_upstairs_altar,
          grunt_crypt_arrival_split, grunt_megastairs_2
Depths:1: evilmike_negative_zone, layout_twisted_cross, abyss_entry,
          grunt_mini_vestibule, nicolae_concentric_dashed_squares_mild,
          drop_trap, minmay_hedge_maze, xom_redecorated
Depths:2: hangedman_hanging_gardens, layout_gridlike, enter_ziggurat_c,
          hangedman_geh_valley, serial_glass, glass_columns_c, glass_columns_a,
          glass_columns_a, glass_columns_c, glass_columns_a,
          grunt_pan_entry_sceptre
Depths:3: minmay_tile_spiral, layout_basic, hellmouth_3, pan_entry, abyss_entry
Depths:4: grunt_zot_entry_tricorne, layout_honeycomb,
          hangedman_abyss_entry_splay, hell_entry, chequers_serial_rivers_room_b
Hell
Geh:1:    layout_gehenna_lava_caves, nicolae_hells_hurtin_island
Geh:2:    layout_gehenna_pools_box, nicolae_geh_backdraft
Geh:3:    layout_gehenna_lava_caves
Zot:1:    layout_cathedral_of_symmetry
Zot:2:    ebering_greatest_show_in_zot, layout_cathedral_of_symmetry, uniq_grunn
Zot:3:    layout_misc_corridors
Zot:4:    circus_mu, layout_basic
Zot:5:    layout_twisted_circle

Skill      XL: |  1  2  3  4  5  6  7  8  9 10 11 12 13 14 15 16 17 18 19 20 21 22 23 24 25 26 27 |
---------------+----------------------------------------------------------------------------------+-----
Fighting       | 4 5 6 7 8 11 14 16 18 19 20 21 23 24 25 26 27 | 27.0
Axes           | 3 4 5 7 9 11 14 16 17 18 19 20 21 22 23 24 26 27 | 27.0
Armour         | 4 5 6 8 9 10 11 12 13 15 16 18 19 20 21 23 24 26 | 26.4
Throwing       | 1 3 |  3.1
Invocations    | 6 7 8 9 10 11 12 14 15 16 17 | 17.8
Evocations     | 3 4 6 10 12 16 | 16.4
Shields        | 4 7 9 11 12 13 14 15 16 18 20 22 25 | 25.7
Dodging        | 2 5 8 |  8.5

Action                     |  1- 3 |  4- 6 |  7- 9 | 10-12 | 13-15 | 16-18 | 19-21 | 22-24 | 25-27 || total
---------------------------+-------+-------+-------+-------+-------+-------+-------+-------+-------++-------
  Melee: War axe           |    80 |   140 |   329 |    75 |       |       |       |       |       ||   624
         Broad axe         |       |       |       |   257 |   710 |  1154 |  1499 |  1613 |  2256 ||  7489
         Scimitar          |       |       |       |       |     4 |    28 |    22 |    10 |       ||    64
  Throw: Boomerang         |       |     6 |    11 |     3 |       |     4 |       |       |       ||    24
         Javelin           |       |       |       |     2 |       |     3 |     1 |    10 |     9 ||    25
 Invoke: Heroism           |       |       |     1 |     7 |     5 |     6 |    13 |    12 |     3 ||    47
         Finesse           |       |       |       |     2 |     3 |     7 |    14 |    13 |    16 ||    55
  Evoke: Wand              |       |       |     4 |    10 |       |     3 |     7 |       |     9 ||    33
         Piece from Xom's  |       |       |       |       |       |       |       |       |     3 ||     3
         Phial of floods   |       |       |       |       |       |       |       |       |     1 ||     1
    Use: Potion            |       |     1 |     1 |     1 |     1 |     1 |     2 |     1 |    10 ||    18
         Scroll            |       |       |    14 |     2 |     2 |    14 |     3 |     4 |     9 ||    48
   Stab: Sleeping          |       |     1 |       |       |       |       |       |       |       ||     1
         Paralysed         |       |       |       |     4 |     3 |     5 |    10 |     2 |       ||    24
         Confused          |       |       |       |       |     7 |     6 |    10 |    12 |       ||    35
         Petrifying        |       |       |       |       |     2 |     3 |     2 |     2 |       ||     9
         Held in net/web   |       |       |       |       |       |     2 |       |       |       ||     2
         Distracted        |       |       |       |       |       |     1 |       |       |       ||     1
         Petrified         |       |       |       |       |       |       |       |     4 |       ||     4
         Invisible         |       |       |       |       |       |       |       |       |     3 ||     3
 Armour: Scale mail        |    56 |    31 |    51 |       |       |       |       |       |       ||   138
         Steam dragon scal |       |       |     7 |       |       |       |       |       |       ||     7
         Skin              |       |       |     3 |       |       |       |       |       |       ||     3
         Crystal plate arm |       |       |    70 |   171 |   380 |   491 |   918 |   830 |   888 ||  3748
  Dodge: Dodged            |    39 |    53 |    82 |    42 |    83 |   129 |   407 |   266 |   303 ||  1404
  Block: Buckler           |    21 |    50 |   136 |   102 |   149 |       |       |       |       ||   458
         Reflection        |       |     1 |     8 |     1 |    43 |    16 |     6 |    24 |    15 ||   114
         Kite shield       |       |       |       |       |   264 |   777 |  1123 |   308 |       ||  2472
         Tower shield      |       |       |       |       |       |       |       |   781 |  1552 ||  2333

Table legend: (Time is in decaauts)
 A = Elapsed time spent in this place.
 B = Non-inter-level travel time spent in this place.
 C = Inter-level travel time spent in this place.
 D = Time resting spent in this place.
 E = Time spent auto-exploring this place.
 F = Levels seen in this place.
 G = Mean time per level.
                   A        B        C        D        E       F      G
               +--------+--------+--------+--------+--------+-----+--------+
         Total |  55735 |  50312 |   5423 |   1902 |  32194 |  64 |  870.9 |
       Dungeon |  15827 |  13434 |   2393 |    130 |   9526 |  15 | 1055.1 |
        Temple |      1 |      1 |      0 |      0 |      0 |   1 |    1.0 |
          Lair |   4418 |   3905 |    513 |    104 |   2653 |   5 |  883.6 |
         Swamp |   3156 |   2898 |    258 |     28 |   1842 |   4 |  789.0 |
   Spider Nest |   3324 |   3145 |    179 |     47 |   2196 |   4 |  831.0 |
    Slime Pits |    802 |    736 |     66 |    137 |     66 |   5 |  160.4 |
  Orcish Mines |   1336 |   1098 |    238 |      0 |    823 |   2 |  668.0 |
   Elven Halls |   3714 |   3199 |    515 |    233 |   1870 |   3 | 1238.0 |
        Vaults |   6753 |   6292 |    461 |    146 |   4184 |   5 | 1350.6 |
         Crypt |    711 |    667 |     44 |      0 |    507 |   1 |  711.0 |
        Depths |   5847 |   5480 |    367 |    406 |   3650 |   4 | 1461.8 |
          Hell |    549 |    542 |      7 |      0 |    322 |   1 |  549.0 |
       Gehenna |    162 |    162 |      0 |     83 |     13 |   3 |   54.0 |
           Zot |   5759 |   5383 |    376 |    506 |   3351 |   5 | 1151.8 |
         Trove |     79 |     79 |      0 |      0 |      0 |   1 |   79.0 |
        Bailey |    649 |    649 |      0 |     64 |    160 |   1 |  649.0 |
      Ice Cave |    693 |    693 |      0 |      0 |    354 |   1 |  693.0 |
        Wizlab |    861 |    861 |      0 |     18 |    389 |   1 |  861.0 |
    Desolation |    750 |    750 |      0 |      0 |    288 |   1 |  750.0 |
      Gauntlet |    333 |    333 |      0 |      0 |      0 |   1 |  333.0 |
               +--------+--------+--------+--------+--------+-----+--------+

Top non-repeatable levels by time:
   Elf:3: 1895 daAuts
Depths:2: 1846 daAuts
     D:5: 1754 daAuts
Vaults:5: 1694 daAuts
Depths:3: 1553 daAuts
Vaults:2: 1530 daAuts
     D:1: 1506 daAuts
   Zot:2: 1441 daAuts
Vaults:1: 1406 daAuts
Depths:1: 1361 daAuts
   Zot:4: 1359 daAuts
   Zot:5: 1333 daAuts
   Elf:1: 1279 daAuts
     D:4: 1269 daAuts
    D:11: 1261 daAuts
